 Dungeon Crawl Stone Soup version 0.24.0-13-gcf9b319 (webtiles) character file.

Game seed: 8571885619929581515, levelgen mode: deterministic

9971 Balder the Carver (level 11, 0/72 HPs)
             Began as a Halfling Fighter on Dec 24, 2019.
             Was a High Priest of Okawaru.
             Slain by an unseen horror (6 damage)
             ... on level 11 of the Dungeon.
             The game lasted 00:57:37 (12606 turns).

Balder the Carver (Halfling Fighter)               Turns: 12606, Time: 00:57:37

Health: 0/72       AC: 17    Str: 22    XL:     11   Next: 84%
Magic:  12/12      EV: 12    Int:  6    God:    Okawaru [*****.]
Gold:   306        SH: 14    Dex: 18    Spells: 10/10 levels left

rFire    . . .     SeeInvis .   a - +0 long sword
rCold    . . .     Gourm    .   c - +0 shield
rNeg     . . .     Faith    .   o - +0 plate armour
rPois    .         Spirit   .   (no helmet)
rElec    .         Reflect  +   p - +1 cloak
rCorr    .         Harm     .   (no gloves)
MR       .....                  g - +0 pair of boots
Stlth    ..........             K - +2 amulet of reflection
HPRegen  0.22/turn              M - +2 ring of evasion
MPRegen  0.13/turn              y - +5 ring of strength

@: no status effects
A: small, mutation resistance 1
a: Heroism, Finesse, Renounce Religion


You were on level 11 of the Dungeon.
You worshipped Okawaru.
Okawaru was extremely pleased with you.
You were hungry.

You visited 2 branches of the dungeon, and saw 12 of its levels.

You collected 494 gold pieces.
You spent 188 gold pieces at shops.

Inventory:

Hand Weapons
 a - a +0 long sword (weapon)
 b - a +2 hunting sling of freezing
 m - a +1 flail of protection
 E - a +1 whip of flaming
 J - a +0 hand crossbow
 P - a +4 spear of piercing
Missiles
 w - 41 sling bullets
 A - 23 poisoned darts
 C - 3 boomerangs (quivered)
Armour
 c - a +0 shield (worn)
 g - a +0 pair of boots (worn)
 o - a +0 plate armour (worn)
 p - a +1 cloak (worn)
Jewellery
 k - an uncursed ring of positive energy
 y - a +5 ring of strength (right hand)
 K - a +2 amulet of reflection (around neck)
 M - a +2 ring of evasion (left hand)
Wands
 t - a wand of polymorph (11)
 z - a wand of flame (6)
Scrolls
 e - a scroll of noise {unknown}
 h - a scroll of fear {unknown}
 j - 7 scrolls of remove curse
 q - a scroll of blinking {unknown}
 F - 3 scrolls of magic mapping
 G - a scroll of identify
 I - a scroll of teleportation
Potions
 d - a potion of might
 i - 4 potions of berserk rage
 l - a potion of lignification {unknown}
 r - a potion of agility {unknown}
 s - a potion of degeneration {unknown}
 u - 2 potions of flight {unknown}
 v - 2 potions of cancellation {unknown}
 D - a potion of invisibility {unknown}
 H - a potion of mutation {unknown}
Comestibles
 f - 11 rations


   Skills:
 * Level 5.6 Fighting
 * Level 10.0 Long Blades
 * Level 7.4(8.0) Slings
 * Level 3.3 Crossbows
 + Level 3.0(4.4) Throwing
 * Level 7.8 Armour
 * Level 5.7 Dodging
 * Level 5.9 Stealth
 * Level 8.0 Shields
 * Level 2.2 Invocations


You had 10 spell levels left.
You didn't know any spells.
Your spell library contained the following spells:

 Spells                   Type           Power        Failure   Level  Hunger
 Apportation              Tloc           #.....       100%        1    ##.....
 Beastly Appendage        Tmut           #.....       100%        1    ##.....
 Freeze                   Ice            #...         100%        1    ##.....
 Shock                    Conj/Air       #...         100%        1    ##.....
 Summon Butterflies       Summ           #.......     100%        1    ##.....
 Sticks to Snakes         Tmut           #.......     100%        2    ###....
 Swiftness                Chrm/Air       #.......     100%        2    ###....
 Throw Frost              Conj/Ice       #.....       100%        2    ###....
 Call Canine Familiar     Summ           #.......     100%        3    ####...
 Lesser Beckoning         Tloc           #.........   100%        3    ####...
 Ozocubu's Armour         Chrm/Ice       #.......     100%        3    ####...
 Spider Form              Tmut/Pois      #.........   100%        3    ####...
 Static Discharge         Conj/Air       #.......     100%        3    ####...
 Tukima's Dance           Hex            #.......     100%        3    ####...
 Airstrike                Air            #.........   100%        4    #####..
 Ice Form                 Ice/Tmut       #.......     100%        4    #####..
 Summon Ice Beast         Ice/Summ       #.......     100%        4    #####..
 Throw Icicle             Conj/Ice       #.......     100%        4    #####..
 Alistair's Intoxication  Tmut/Pois      #.......     100%        5    ######.
 Blade Hands              Tmut           #.........   100%        5    ######.
 Bolt of Magma            Conj/Fire/Erth #.........   100%        5    ######.
 Iskenderun's Battlesphe  Conj/Chrm      #.......     100%        5    ######.
 Lightning Bolt           Conj/Air       #.........   100%        5    ######.
 Summon Mana Viper        Hex/Summ       #.......     100%        5    ######.
 Venom Bolt               Conj/Pois      #.........   100%        5    ######.
 Invisibility             Hex            #.......     100%        6    #######
 Iron Shot                Conj/Erth      #.........   100%        6    #######
 Orb of Destruction       Conj           #.........   100%        7    #######
 Spellforged Servitor     Conj/Summ      #.........   100%        7    #######
 Summon Hydra             Summ           #.........   100%        7    #######


Dungeon Overview and Level Annotations

Branches:
Dungeon (11/15)            Temple (1/1) D:6            Lair (0/6) D:11
    Orc (0/2) D:10

Altars:
Ashenzari
Cheibriados
Dithmenos
Elyvilon
Fedhas
Gozag
Hepliaklqana
Kikubaaqudgha
Makhleb
Nemelex Xobeh
Okawaru
Qazlal
Ru
Sif Muna
Trog
Uskayaw
Vehumet
Wu Jian
Xom
Yredelemnul
Zin
The Shining One

Shops:
D:7 }=}(=

Annotations:
D:10 1 runed translucent door, reativica's ghost, novice GrFi


Innate Abilities, Weirdness & Mutations

You are small and have problems with some larger weapons.
You are somewhat resistant to further mutation.


Message History

Something hits you.
* * * LOW HITPOINT WARNING * * *
You hit something but do no damage. Something hits you.
* * * LOW HITPOINT WARNING * * *
Something hits you.
* * * LOW HITPOINT WARNING * * *
You see here a sky beast corpse.
You feel better. Something barely misses you. Something hits you.
* * * LOW HITPOINT WARNING * * *
You see here a sky beast corpse.
You block something's attack. Something hits you.
* * * LOW HITPOINT WARNING * * *
You see here a sky beast corpse.
Something hits you.
* * * LOW HITPOINT WARNING * * *
Something hits you but does no damage. Something hits you.
You die...

÷ ##### # ...#
#####.######
#.##.......##########
#.##....#..†...@....#
##...(......########.#
.................. .#
######........#.## #
PPPP##...##.....^#
PPPPP##.###...###.
PP..P##.# #..##
P.>.P##.# ..##
P..PP##.# .#


There were no monsters in sight!

Vanquished Creatures
  A two-headed ogre (D:9)
  Pikel (D:4)
  A cyclops (D:11)
  A komodo dragon (D:11)
  4 trolls
  Grinder (D:5)
  Prince Ribbit (D:5)
  A hippogriff (D:8)
  6 yaks (D:9)
  2 wyverns
  A hungry ghost (D:10)
  Edmund (D:6)
  An acid dragon (D:11)
  Duvessa (D:7)
  A two-headed ogre zombie (D:10)
  2 orc warriors
  An ice beast (D:5)
  2 sky beasts
  4 centaurs
  A necrophage (D:9)
  5 phantoms
  4 ogres
  11 bullfrogs
  A gnoll sergeant (D:9)
  6 scorpions
  Dowan (D:7)
  A water moccasin zombie (D:6)
  2 troll zombies (D:10)
  4 killer bees (D:11)
  8 howler monkeys
  3 crimson imps
  A centaur zombie (D:11)
  11 hounds
  A quasit (D:9)
  4 jellies
  A gnoll shaman (D:6)
  A centaur skeleton (D:6)
  5 orc priests
  3 orc wizards
  5 iguanas
  4 worker ants
  5 ogre zombies (D:10)
  2 hound zombies
  A hound skeleton (D:4)
  A worker ant zombie (D:6)
  A howler monkey skeleton (D:8)
  11 gnolls
  15 adders
  An adder zombie (D:8)
  An adder skeleton (D:2)
  3 worms
  4 dart slugs
  A leopard gecko (D:6)
  28 orcs
  5 bats
  4 giant cockroaches
  3 goblins
  7 hobgoblins
  9 kobolds
  3 quokkas
  A ball python (D:2)
  2 frilled lizards
  A goblin skeleton (D:10)
  4 goblin zombies (D:10)
  A hobgoblin skeleton (D:10)
  5 hobgoblin zombies (D:10)
  3 orc skeletons (D:10)
  11 orc zombies (D:10)
  A quokka skeleton (D:2)
  6 rats
256 creatures vanquished.

Vanquished Creatures (others)
  An orc warrior (D:9)
  A slave (D:4)
  A centaur (D:10)
  A crimson imp (D:8)
  An orc priest (D:9)
  A bullfrog zombie (D:11)
  An orc (D:9)
  A frilled lizard (D:4)
  2 plants (D:11)
10 creatures vanquished.

Grand Total: 266 creatures vanquished

Notes
Turn   | Place    | Note
-------+----------+-------------------------------------------
     0 | D:1      | Balder the Halfling Fighter began the quest for the Orb.
     0 | D:1      | Reached XP level 1. HP: 15/15 MP: 1/1
   356 | D:1      | Reached XP level 2. HP: 17/20 MP: 2/2
   759 | D:2      | Reached XP level 3. HP: 20/25 MP: 3/3
   832 | D:2      | Reached skill level 1 in Stealth
  1033 | D:2      | Reached XP level 4. HP: 31/31 MP: 4/4
  1074 | D:2      | Reached skill level 1 in Dodging
  1418 | D:3      | Found an ornate altar of the Wu Jian Council.
  1984 | D:3      | Reached skill level 3 in Long Blades
  1984 | D:3      | Reached XP level 5. HP: 35/36 MP: 5/5
  2502 | D:4      | Reached skill level 1 in Slings
  2657 | D:4      | Noticed a slave
  2658 | D:4      | Noticed Pikel
  2658 | D:4      | Noticed a slave
  2659 | D:4      | Noticed a slave
  2660 | D:4      | Noticed a slave
  2688 | D:4      | Killed Pikel
  2688 | D:4      | Reached skill level 4 in Long Blades
  2688 | D:4      | Reached skill level 1 in Throwing
  2688 | D:4      | Reached XP level 6. HP: 16/42 MP: 6/6
  2688 | D:4      | Reached XP level 7. HP: 18/46 MP: 7/7
  2875 | D:4      | Found a shimmering altar of Xom.
  3057 | D:4      | Reached skill level 5 in Long Blades
  3057 | D:4      | Reached XP level 8. HP: 36/53 MP: 8/8
  3067 | D:4      | Reached skill level 5 in Armour
  3473 | D:4      | Found a sparkling altar of Nemelex Xobeh.
  3838 | D:5      | Entered Level 5 of the Dungeon
  4220 | D:5      | Noticed Grinder
  4230 | D:5      | Killed Grinder
  4468 | D:5      | Noticed Prince Ribbit
  4588 | D:5      | Reached skill level 6 in Long Blades
  4588 | D:5      | Reached XP level 9. HP: 28/58 MP: 9/9
  4657 | D:5      | Killed Prince Ribbit
  4657 | D:5      | Reached skill level 5 in Shields
  5033 | D:6      | Found a staircase to the Ecumenical Temple.
  5044 | Temple   | Entered the Ecumenical Temple
  5087 | Temple   | Became a worshipper of Warmaster Okawaru
  5123 | D:6      | Noticed Edmund
  5140 | D:6      | Killed Edmund
  5207 | D:6      | Found a glowing silver altar of Zin.
  5294 | D:6      | Found a shattered altar of Ashenzari.
  5529 | D:6      | Reached skill level 7 in Long Blades
  5777 | D:6      | Reached * piety under Okawaru
  6026 | D:6      | Reached skill level 5 in Slings
  6176 | D:6      | Reached XP level 10. HP: 63/65 MP: 10/10
  6465 | D:7      | Found Dodob's Antique Weapon Shoppe.
  6468 | D:7      | Found Eloetigu's Jewellery Shoppe.
  6502 | D:7      | Found Haiciop's Gadget Shoppe.
  6620 | D:7      | Found Copril's Gadget Shoppe.
  6643 | D:7      | Found Pior Deo's Jewellery Emporium.
  6877 | D:7      | Noticed Dowan
  6885 | D:7      | Noticed Duvessa
  6911 | D:7      | Killed Duvessa
  6931 | D:7      | Killed Dowan
  7241 | D:7      | Reached skill level 8 in Long Blades
  7398 | D:7      | Bought a hand crossbow for 91 gold pieces
  7402 | D:7      | Bought a +2 amulet of reflection for 97 gold pieces
  7863 | D:8      | Reached ** piety under Okawaru
  7867 | D:8      | Reached skill level 1 in Crossbows
  7905 | D:8      | Reached skill level 5 in Stealth
  8372 | D:9      | Found a hazy altar of Hepliaklqana.
  8740 | D:9      | Reached skill level 9 in Long Blades
  8748 | D:9      | Reached *** piety under Okawaru
  8876 | D:9      | Found a radiant altar of Vehumet.
  9265 | D:9      | Noticed a two-headed ogre
  9279 | D:9      | Killed a two-headed ogre
  9279 | D:9      | Reached **** piety under Okawaru
  9279 | D:9      | Reached skill level 5 in Dodging
  9279 | D:9      | Reached XP level 11. HP: 25/70 MP: 8/11
  9287 | D:9      | Reached skill level 1 in Invocations
  9296 | D:9      | HP: 1/70 [troll (9)]
  9695 | D:9      | Reached skill level 5 in Fighting
  9998 | D:10     | Entered Level 10 of the Dungeon
 10027 | D:10     | Received a gift from Okawaru
 10860 | D:10     | Found a staircase to the Orcish Mines.
 11092 | D:10     | Found a runed translucent door.
 11101 | D:10     | Noticed reativica's ghost (novice GrFi)
 11618 | D:11     | Noticed a cyclops
 11638 | D:11     | Killed a cyclops
 11968 | D:11     | Found a staircase to the Lair.
 12002 | D:11     | Reached ***** piety under Okawaru
 12216 | D:11     | Reached skill level 10 in Long Blades
 12606 | D:11     | Slain by an unseen horror

Levels and vault maps discovered:
D:1:      psy_arrival_whirlpool, layout_loops_cross, minmay_hedge_maze
D:2:      layout_basic, minmay_statues_item
D:3:      layout_loops_ring, nicolae_overflow_hidden_temple, first_ration
D:4:      layout_basic, overflow_temple_1_default, old_standard_altar,
          kennysheep_potato, uniq_pikel
D:5:      layout_loops_corners, uniq_prince_ribbit1, uniq_grinder
D:6:      minmay_chambers_of_fours, layout_basic, lemuel_crystal_altar,
          zin_academy, temple_pool_b, uniq_edmund
D:7:      layout_basic, serial_shops, nicolae_shop_statue_plus, shop, shop,
          shop, shop, uniq_duvessa
D:8:      layout_basic
D:9:      layout_roguey, kennysheep_little_box, kennysheep_mini_moat
D:10:     layout_basic, zombieorc2_lemuel, ebering_ghost_inner_flame
D:11:     layout_loops_ring, david_lair_shrubbed, grunt_ogre_cave
Temple:   eino_wide_crystal_templ

Skill      XL: |  1  2  3  4  5  6  7  8  9 10 11 |
---------------+----------------------------------+-----
Stealth        | 1 2 3 4 5 |  5.9
Fighting       | 3 4 5 |  5.6
Dodging        | 1 2 3 4 5 |  5.7
Long Blades    | 3 4 5 6 7 9 10 | 10.0
Slings         | 2 3 5 6 7 |  7.4
Armour         | 4 6 7 |  7.8
Throwing       | 1 2 3 |  3.0
Shields        | 4 6 7 8 |  8.0
Crossbows      | 2 3 |  3.3
Invocations    | 2 |  2.2

Action                   |  1- 3 |  4- 6 |  7- 9 | 10-12 || total
-------------------------+-------+-------+-------+-------++-------
Melee: Long sword        |   102 |   125 |   425 |   714 ||  1366
       Scimitar          |       |       |       |   130 ||   130
 Fire: Hunting sling     |       |    15 |     6 |    13 ||    34
Throw: Dart              |       |     9 |     3 |       ||    12
       Stone             |       |     1 |     5 |       ||     6
       Boomerang         |       |       |    29 |    42 ||    71
Invok: Heroism           |       |       |       |    10 ||    10
Evoke: Wand              |       |       |     5 |     1 ||     6
  Use: Scroll            |       |       |     7 |     6 ||    13
       Potion            |       |       |     4 |     9 ||    13
  Eat: Chunk             |       |     5 |     6 |    16 ||    27
       Ration            |       |       |     2 |     2 ||     4
Armor: Scale mail        |    15 |       |       |       ||    15
       Plate armour      |    53 |    56 |   193 |   273 ||   575
Dodge: Dodged            |    29 |    27 |   101 |   241 ||   398
Block: Shield            |    70 |    58 |   212 |   516 ||   856
       Reflection        |       |       |       |    13 ||    13
       Rpst.: Long sword |    11 |    10 |    40 |    51 ||   112
       Scimitar          |       |       |       |     6 ||     6
